Pick #1

Connor Bedard
Pick #2

Leo Carlsson
Pick #3

Adam Fantilli
Pick #4

Matvei Michkov
Pick #5

David Reinbacher
Pick #6

William Smith
Pick #7

Zachary Benson
Pick #8

Ryan Leonard
Pick #9

Gabriel Perreault
Pick #10

Axel Sandin-Pellika
Pick #11

Daniil But
Pick #12

Dalibor Dvorsky
Pick #13

Quentin Musty
Pick #14

Brayden Yager
Pick #15

Dmitry Simashev
Pick #16

Colby Barlow
Pick #17

Andrew Cristall
Pick #18

Easton Cowan
Pick #19

Jacob Fowler
Pick #20

Oliver Moore
Pick #21

Oliver Bonk
Pick #22

Tom Willander
Pick #23

Calum Ritchie
Pick #24

Tanner Molendyk
Pick #25

Gavin Brindley
Pick #26

Nate Danielson
Pick #27

Pick #28

Pick #29

Pick #30

Pick #31

Pick #32

Pick #33

Pick #34

Pick #35

Pick #36

Pick #37

Pick #38

Pick #39

Pick #40

Pick #41

Pick #42

Pick #43

Pick #44

Pick #45

Pick #46

Pick #47

Pick #48

Pick #49

Pick #50

Pick #51

Pick #52

Pick #53

Pick #54

Pick #55

Pick #56

Pick #57

Pick #58

Pick #59

Pick #60

Pick #61

Pick #62

Pick #63

Pick #64

Pick #65

Pick #66

Pick #67

Pick #68

Pick #69

Pick #70

Pick #71

Pick #72

Pick #73

Pick #74

Pick #75

Pick #76

Pick #77

Pick #78

Pick #79

Pick #80

Pick #81

Pick #82

Pick #83

Pick #84

Pick #85

Pick #86

Pick #87

Pick #88

Pick #89

Pick #90

Pick #91

Pick #92

Pick #93

Pick #94

Pick #95

Pick #96

Pick #97

Pick #98

Pick #99

Pick #100

Pick #101

Pick #102

Pick #103

Pick #104

Pick #105

Pick #106

Pick #107

Pick #108

Pick #109

Pick #110

Pick #111

Pick #112

Pick #113

Pick #114

Pick #115

Pick #116

Pick #117

Pick #118

Pick #119

Pick #120

Pick #121

Pick #122

Pick #123

Pick #124

Pick #125

Pick #126

Pick #127

Pick #128

Pick #129

Pick #130

Full Scoreboard »»

Blues vs RedWings

Created - February 26, 2024 at 21:44

Goals
1 2 3 T
Blues 0 0 1 1
RedWings 4 0 1 5
Shots
1 2 3 T
Blues 9 12 8 29
RedWings 11 5 8 24

GoalsPenalties
1st period
1. RedWings , Drew Doughty 11 (Nick Foligno 13, Evgenii Dadonov 9) at 0:27
2. RedWings , Ryan Hartman 24 (David Perron 20, John Carlson 38) at 5:28
3. RedWings , David Pastrnak 17 (John Carlson 39, Erik Karlsson 48) at 6:56
4. RedWings , Ryan Hartman 25 (David Pastrnak 12) at 16:21
Patrik Nemeth (DET) for Interference (Minor) at 0:46
Kris Letang (STL) for Roughing (Minor) at 11:05
2nd period
No Goal
Patrik Nemeth (DET) for Hooking (Minor) at 5:40
3rd period
5. Blues , Curtis Lazar 7 (Anthony DeAngelo 23, Jack Eichel 20) at 14:14
6. RedWings , Mark Scheifele 19 (Drew Doughty 37, Seth Jones 22) at 18:49
Anthony DeAngelo (STL) for Tripping (Minor) at 15:33
Goalie Stats
Cam Talbot (STL), 5 saves from 9 shots - (0.556), L, 13-8-1, 16:21 minutes
Carter Hart (STL), 14 saves from 15 shots - (0.933), 43:39 minutes
Brian Elliott (DET), 28 saves from 29 shots - (0.966), W, 13-13-2, 60:00 minutes
3 StarsOfficial
1 - Ryan Hartman (DET)
2 - David Pastrnak (DET)
3 - Drew Doughty (DET)
Referees : Tim Mayer and Andrew Wilk
Linesman : Ken Bonham and Matt Brady
Game Note
Marcus Johansson is injured at 13:39 of 1st period (Groin)
Carter Hart enters game at 16:21 of 1st period
Finance
Level 1 -- Attendance: 5575 (85.77%) -- Ticket Income $669,000
Level 2 -- Attendance: 4983 (99.66%) -- Ticket Income $398,640
Level 3 -- Attendance: 2963 (84.66%) -- Ticket Income $207,410
Level 4 -- Attendance: 2908 (72.21%) -- Ticket Income $101,780
Luxury Box -- Attendance: 930 (93.00%) -- Ticket Income $204,600
Game was played at the Joe Louis Arena.
Total Attendance: 17359 (86.68%)
Total Ticket Income: $1,581,430
Other Income: $395,358
Total Income: $1,976,788



Team Name Goals Shots Shots Attemp Shots Blocked PIM HIT PP PK FO%
Blues 1295264240 / 2 (0%)053%
RedWings 5244554200 / 2 (0%)047%

Blues
Player Name POS G A P +/- PIM HIT SHT SB MP PP MP PP SHT PK MP PK SHT FO% FOT
Alec MartinezD000-1010115:290:0002:0700% 0
Alex NewhookC000-2010016:001:4300:0000% 0
Anthony DeAngeloD011-2220121:012:0200:5300% 0
Auston MatthewsC0000006021:091:5600:03057% 7
Boris KatchoukLW000001007:350:0000:4700% 2
Cale MakarD000-1001123:421:5611:1100% 0
Carson SoucyD000-1031014:150:0000:5300% 0
Clayton KellerRW0000022018:502:1501:4300% 1
Craig SmithC000000106:480:0000:0000% 0
Curtis LazarC101-2052016:070:0000:00046% 13
Filip HronekD000-2012319:590:0001:5200% 0
Jack EichelC011-2001017:501:4300:00050% 2
Kris LetangD000-1262023:362:0211:0000% 0
Logan CoutureC000-2006019:432:1511:21067% 3
Marcus JohanssonLW000000001:430:0000:34025% 4
Nico HischierC0000021018:282:1500:00063% 24
Sean MonahanC000-2000016:010:0001:44063% 19
Yanni GourdeC000-2004017:441:4301:4400% 2
RedWings
Player Name POS G A P +/- PIM HIT SHT SB MP PP MP PP SHT PK MP PK SHT FO% FOT
Brayden SchennC0000000020:272:2502:43043% 14
David PastrnakRW1123013020:181:3300:00045% 29
David PerronLW0113034021:331:3301:15067% 3
Denis GurianovRW000103007:020:0000:0000% 0
Derick BrassardC0000011110:580:0000:00057% 7
Drew DoughtyD1122011121:041:3301:2400% 0
Erik KarlssonD0112010025:002:2502:3400% 0
Evgenii DadonovRW0110000020:272:2502:43043% 7
John CarlsonD0222012025:002:2512:3400% 0
Mark ScheifeleC101100217:020:0000:0000% 0
Nick CousinsC000101107:020:0000:00044% 9
Nick FolignoLW0110011017:442:2500:00050% 2
Patrik NemethD0000401113:540:0000:0000% 0
Phillip Di GiuseppeLW0000010010:580:0000:00050% 2
Ryan HartmanRW2023046021:331:3311:150100% 2
Ryan MurrayD0000010013:560:0000:0000% 0
Seth JonesD0112002021:041:3311:2400% 0
Stefan NoesenRW0000010110:580:0000:0000% 2



Play-by-Play

1st period


0:01 of 1st period - David Pastrnak wins face-off versus Clayton Keller in neutral zone.
0:17 of 1st period - Shot by David Perron.
0:17 of 1st period - Stopped by Cam Talbot without a rebound.
0:18 of 1st period - Brayden Schenn wins face-off versus Curtis Lazar in Blues zone.
0:21 of 1st period - Shot by Seth Jones.
0:21 of 1st period - Shot Hit the Post.
0:25 of 1st period - Shot by Evgenii Dadonov.
0:25 of 1st period - Deflect By Nick Foligno.
0:25 of 1st period - Shot Misses the Net.
0:27 of 1st period - Shot by Drew Doughty.
0:27 of 1st period - Goal by Drew Doughty - Blues : 0 - RedWings : 1.
0:28 of 1st period - Derick Brassard wins face-off versus Sean Monahan in neutral zone.
0:45 of 1st period - Shot by Yanni Gourde.
0:45 of 1st period - Shot Blocked by Patrik Nemeth.
0:46 of 1st period - Minor Penalty to Patrik Nemeth for Interference.
0:47 of 1st period - Evgenii Dadonov wins face-off versus Logan Couture in RedWings zone.
0:55 of 1st period - Icing by Logan Couture.
0:56 of 1st period - Evgenii Dadonov wins face-off versus Nico Hischier in Blues zone.
1:28 of 1st period - Off-side.
1:29 of 1st period - Jack Eichel wins face-off versus Evgenii Dadonov in neutral zone.
1:46 of 1st period - Shot by Kris Letang.
1:46 of 1st period - Stopped by Brian Elliott without a rebound.
1:47 of 1st period - Nico Hischier wins face-off versus Evgenii Dadonov in RedWings zone.
2:10 of 1st period - Shot by Cale Makar.
2:10 of 1st period - Stopped by Brian Elliott without a rebound.
2:11 of 1st period - Ryan Hartman wins face-off versus Jack Eichel in RedWings zone.
3:35 of 1st period - Icing by Alec Martinez.
3:36 of 1st period - David Pastrnak wins face-off versus Nico Hischier in Blues zone.
3:57 of 1st period - Shot by David Perron.
3:57 of 1st period - Stopped by Cam Talbot without a rebound.
3:58 of 1st period - Curtis Lazar wins face-off versus Brayden Schenn in Blues zone.
4:38 of 1st period - Brayden Schenn is hit by Curtis Lazar and loses puck.
4:56 of 1st period - Icing by Cale Makar.
4:57 of 1st period - David Pastrnak wins face-off versus Curtis Lazar in Blues zone.
4:57 of 1st period - David Perron is hit by Kris Letang and loses puck.
5:02 of 1st period - Shot by Ryan Hartman.
5:02 of 1st period - Shot Blocked by Cale Makar.
5:28 of 1st period - Shot by David Perron.
5:28 of 1st period - Deflect By Ryan Hartman.
5:28 of 1st period - Goal by Ryan Hartman - Blues : 0 - RedWings : 2.
5:29 of 1st period - Derick Brassard wins face-off versus Marcus Johansson in neutral zone.
5:46 of 1st period - Icing by Anthony DeAngelo.
5:47 of 1st period - Nick Cousins wins face-off versus Marcus Johansson in Blues zone.
5:48 of 1st period - Shot by Seth Jones.
5:48 of 1st period - Shot Blocked by Filip Hronek.
6:09 of 1st period - Marcus Johansson is hit by Denis Gurianov and loses puck.
6:56 of 1st period - Shot by David Pastrnak.
6:56 of 1st period - Goal by David Pastrnak - Blues : 0 - RedWings : 3.
6:57 of 1st period - Brayden Schenn wins face-off versus Nico Hischier in neutral zone.
6:57 of 1st period - Evgenii Dadonov is hit by Nico Hischier and loses puck.
8:06 of 1st period - Icing by Yanni Gourde.
8:07 of 1st period - Sean Monahan wins face-off versus David Pastrnak in Blues zone.
8:09 of 1st period - Icing by Filip Hronek.
8:10 of 1st period - David Pastrnak wins face-off versus Sean Monahan in Blues zone.
8:19 of 1st period - Shot by David Pastrnak.
8:19 of 1st period - Shot Misses the Net.
8:23 of 1st period - Shot by Ryan Hartman.
8:23 of 1st period - Shot Blocked by Anthony DeAngelo.
8:47 of 1st period - Shot by Ryan Hartman.
8:47 of 1st period - Stopped by Cam Talbot with a rebound.
9:31 of 1st period - Icing by Anthony DeAngelo.
9:32 of 1st period - Sean Monahan wins face-off versus Nick Cousins in Blues zone.
9:51 of 1st period - Logan Couture is hit by Nick Cousins and loses puck.
10:11 of 1st period - Denis Gurianov is hit by Kris Letang and loses puck.
10:30 of 1st period - Erik Karlsson is hit by Kris Letang and loses puck.
10:45 of 1st period - Erik Karlsson is hit by Curtis Lazar.
11:05 of 1st period - Minor Penalty to Kris Letang for Roughing.
11:06 of 1st period - Sean Monahan wins face-off versus David Pastrnak in Blues zone.
13:08 of 1st period - Erik Karlsson is hit by Kris Letang and loses puck.
13:28 of 1st period - Off-side.
13:29 of 1st period - David Pastrnak wins face-off versus Marcus Johansson in neutral zone.
13:37 of 1st period - Shot by Seth Jones.
13:37 of 1st period - Stopped by Cam Talbot without a rebound.
13:38 of 1st period - Marcus Johansson wins face-off versus David Pastrnak in Blues zone.
13:38 of 1st period - Marcus Johansson is hit by David Pastrnak.
13:39 of 1st period - Marcus Johansson from Blues is injured at 13:39 of 1st period (Groin).
13:40 of 1st period - Curtis Lazar wins face-off versus David Pastrnak in Blues zone.
13:51 of 1st period - Seth Jones is hit by Curtis Lazar and loses puck.
14:21 of 1st period - Shot by Filip Hronek.
14:21 of 1st period - Stopped by Brian Elliott without a rebound.
14:22 of 1st period - Nico Hischier wins face-off versus Derick Brassard in RedWings zone.
14:27 of 1st period - Shot by Auston Matthews.
14:27 of 1st period - Stopped by Brian Elliott with a rebound.
14:35 of 1st period - Shot by Nico Hischier.
14:35 of 1st period - Shot Misses the Net.
14:37 of 1st period - Shot by Nico Hischier.
14:37 of 1st period - Shot Misses the Net.
14:39 of 1st period - Shot by Kris Letang.
14:39 of 1st period - Stopped by Brian Elliott with a rebound.
14:41 of 1st period - Shot by Nico Hischier.
14:41 of 1st period - Shot Blocked by Stefan Noesen.
14:43 of 1st period - Shot by Auston Matthews.
14:43 of 1st period - Shot Misses the Net.
14:45 of 1st period - Shot by Nico Hischier.
14:45 of 1st period - Shot Misses the Net.
15:09 of 1st period - Shot by Nico Hischier.
15:09 of 1st period - Shot Misses the Net.
15:43 of 1st period - Shot by Sean Monahan.
15:43 of 1st period - Shot Misses the Net.
16:19 of 1st period - Shot by David Pastrnak.
16:19 of 1st period - Stopped by Cam Talbot without a rebound.
16:20 of 1st period - David Pastrnak wins face-off versus Curtis Lazar in Blues zone.
16:21 of 1st period - Shot by Ryan Hartman.
16:21 of 1st period - Goal by Ryan Hartman - Blues : 0 - RedWings : 4.
16:21 of 1st period - Carter Hart enters game.
16:22 of 1st period - David Pastrnak wins face-off versus Auston Matthews in neutral zone.
16:33 of 1st period - Shot by Ryan Hartman.
16:33 of 1st period - Shot Blocked by Filip Hronek.
16:41 of 1st period - Shot by David Pastrnak.
16:41 of 1st period - Stopped by Carter Hart without a rebound.
16:42 of 1st period - Derick Brassard wins face-off versus Curtis Lazar in Blues zone.
17:15 of 1st period - Logan Couture is hit by Phillip Di Giuseppe.
17:18 of 1st period - Cale Makar is hit by John Carlson.
17:24 of 1st period - Shot by Logan Couture.
17:24 of 1st period - Deflect By Jack Eichel.
17:24 of 1st period - Shot Misses the Net.
17:26 of 1st period - Shot by Logan Couture.
17:26 of 1st period - Stopped by Brian Elliott with a rebound.
17:52 of 1st period - Shot by Auston Matthews.
17:52 of 1st period - Shot Misses the Net.
17:54 of 1st period - Shot by Nico Hischier.
17:54 of 1st period - Stopped by Brian Elliott with a rebound.
17:56 of 1st period - Shot by Filip Hronek.
17:56 of 1st period - Stopped by Brian Elliott without a rebound.
17:57 of 1st period - Ryan Hartman wins face-off versus Auston Matthews in RedWings zone.
18:34 of 1st period - Shot by Auston Matthews.
18:34 of 1st period - Stopped by Brian Elliott without a rebound.
18:35 of 1st period - Nick Foligno wins face-off versus Sean Monahan in RedWings zone.
18:53 of 1st period - Icing by Ryan Murray.
18:54 of 1st period - Logan Couture wins face-off versus Brayden Schenn in RedWings zone.
19:13 of 1st period - Shot by Logan Couture.
19:13 of 1st period - Shot Misses the Net.
19:58 of 1st period - Shot by John Carlson.
19:58 of 1st period - Stopped by Carter Hart without a rebound.
19:59 of 1st period - Nico Hischier wins face-off versus Phillip Di Giuseppe in Blues zone.
19:59 of 1st period - Nico Hischier is hit by Derick Brassard.
Goals for this period are 0 for Blues vs 4 for RedWings.
Shots for this period are 9 for Blues vs 11 for RedWings.

2nd period


0:01 of 2nd period - Auston Matthews wins face-off versus David Pastrnak in neutral zone.
0:18 of 2nd period - Ryan Hartman is hit by Clayton Keller and loses puck.
1:25 of 2nd period - Yanni Gourde is hit by Drew Doughty and loses puck.
1:47 of 2nd period - Icing by Evgenii Dadonov.
1:48 of 2nd period - Curtis Lazar wins face-off versus Evgenii Dadonov in RedWings zone.
3:35 of 2nd period - Icing by David Perron.
3:36 of 2nd period - Sean Monahan wins face-off versus David Pastrnak in RedWings zone.
3:39 of 2nd period - Shot by Yanni Gourde.
3:39 of 2nd period - Stopped by Brian Elliott with a rebound.
3:41 of 2nd period - Shot by Yanni Gourde.
3:41 of 2nd period - Stopped by Brian Elliott without a rebound.
3:42 of 2nd period - Sean Monahan wins face-off versus Nick Cousins in RedWings zone.
3:46 of 2nd period - Icing by Seth Jones.
3:47 of 2nd period - Curtis Lazar wins face-off versus Nick Cousins in RedWings zone.
3:50 of 2nd period - Shot by Logan Couture.
3:50 of 2nd period - Stopped by Brian Elliott with a rebound.
4:21 of 2nd period - Off-side.
4:22 of 2nd period - David Perron wins face-off versus Nico Hischier in neutral zone.
4:25 of 2nd period - Shot by David Pastrnak.
4:25 of 2nd period - Shot Misses the Net.
4:34 of 2nd period - Off-side.
4:35 of 2nd period - Brayden Schenn wins face-off versus Sean Monahan in neutral zone.
4:50 of 2nd period - Evgenii Dadonov is hit by Alex Newhook and loses puck.
5:11 of 2nd period - Off-side.
5:12 of 2nd period - David Pastrnak wins face-off versus Auston Matthews in neutral zone.
5:23 of 2nd period - Shot by David Perron.
5:23 of 2nd period - Shot Misses the Net.
5:29 of 2nd period - Shot by Clayton Keller.
5:29 of 2nd period - Stopped by Brian Elliott without a rebound.
5:30 of 2nd period - Phillip Di Giuseppe wins face-off versus Boris Katchouk in RedWings zone.
5:40 of 2nd period - Minor Penalty to Patrik Nemeth for Hooking.
5:41 of 2nd period - Nico Hischier wins face-off versus Evgenii Dadonov in RedWings zone.
6:17 of 2nd period - Shot by Anthony DeAngelo.
6:17 of 2nd period - Shot Misses the Net.
6:19 of 2nd period - Shot by Logan Couture.
6:19 of 2nd period - Stopped by Brian Elliott without a rebound.
6:20 of 2nd period - Evgenii Dadonov wins face-off versus Yanni Gourde in RedWings zone.
7:59 of 2nd period - Shot by Auston Matthews.
7:59 of 2nd period - Stopped by Brian Elliott without a rebound.
8:00 of 2nd period - David Pastrnak wins face-off versus Nico Hischier in RedWings zone.
8:42 of 2nd period - Icing by Anthony DeAngelo.
8:43 of 2nd period - Nico Hischier wins face-off versus Derick Brassard in Blues zone.
9:12 of 2nd period - Icing by Filip Hronek.
9:13 of 2nd period - Nico Hischier wins face-off versus Brayden Schenn in Blues zone.
9:54 of 2nd period - Shot by Nick Foligno.
9:54 of 2nd period - Stopped by Carter Hart without a rebound.
9:55 of 2nd period - Sean Monahan wins face-off versus David Pastrnak in Blues zone.
10:10 of 2nd period - Ryan Hartman is hit by Carson Soucy and loses puck.
10:19 of 2nd period - Yanni Gourde is hit by Ryan Hartman and loses puck.
10:41 of 2nd period - Alec Martinez is hit by David Perron and loses puck.
10:45 of 2nd period - Icing by Carson Soucy.
10:46 of 2nd period - Sean Monahan wins face-off versus Stefan Noesen in Blues zone.
11:44 of 2nd period - Cale Makar is hit by Stefan Noesen and loses puck.
11:56 of 2nd period - Icing by Seth Jones.
11:57 of 2nd period - Auston Matthews wins face-off versus Stefan Noesen in RedWings zone.
12:06 of 2nd period - Shot by Auston Matthews.
12:06 of 2nd period - Shot Blocked by Drew Doughty.
12:12 of 2nd period - Shot by Auston Matthews.
12:12 of 2nd period - Stopped by Brian Elliott without a rebound.
12:13 of 2nd period - David Pastrnak wins face-off versus Sean Monahan in RedWings zone.
12:17 of 2nd period - Erik Karlsson is hit by Carson Soucy and loses puck.
12:23 of 2nd period - Yanni Gourde is hit by Ryan Hartman and loses puck.
12:32 of 2nd period - Shot by Alec Martinez.
12:32 of 2nd period - Shot Misses the Net.
12:34 of 2nd period - Shot by Yanni Gourde.
12:34 of 2nd period - Stopped by Brian Elliott without a rebound.
12:35 of 2nd period - Brayden Schenn wins face-off versus Nico Hischier in RedWings zone.
12:52 of 2nd period - Shot by Nico Hischier.
12:52 of 2nd period - Shot Misses the Net.
12:58 of 2nd period - Shot by Auston Matthews.
12:58 of 2nd period - Stopped by Brian Elliott without a rebound.
12:59 of 2nd period - David Pastrnak wins face-off versus Curtis Lazar in RedWings zone.
13:01 of 2nd period - Icing by Erik Karlsson.
13:02 of 2nd period - David Perron wins face-off versus Curtis Lazar in RedWings zone.
13:02 of 2nd period - John Carlson is hit by Curtis Lazar and loses puck.
13:21 of 2nd period - Shot by Logan Couture.
13:21 of 2nd period - Stopped by Brian Elliott without a rebound.
13:22 of 2nd period - Nico Hischier wins face-off versus Brayden Schenn in RedWings zone.
13:28 of 2nd period - Icing by Drew Doughty.
13:29 of 2nd period - Brayden Schenn wins face-off versus Nico Hischier in RedWings zone.
14:52 of 2nd period - Jack Eichel is hit by Ryan Hartman.
14:56 of 2nd period - Erik Karlsson is hit by Curtis Lazar and loses puck.
15:36 of 2nd period - Mark Scheifele is hit by Carson Soucy and loses puck.
15:39 of 2nd period - Shot by Mark Scheifele.
15:39 of 2nd period - Stopped by Carter Hart with a rebound.
15:41 of 2nd period - Shot by Patrik Nemeth.
15:41 of 2nd period - Shot Misses the Net.
15:47 of 2nd period - Shot by Denis Gurianov.
15:47 of 2nd period - Shot Misses the Net.
15:49 of 2nd period - Shot by Patrik Nemeth.
15:49 of 2nd period - Stopped by Carter Hart without a rebound.
15:50 of 2nd period - Brayden Schenn wins face-off versus Boris Katchouk in Blues zone.
16:01 of 2nd period - Shot by Brayden Schenn.
16:01 of 2nd period - Shot Misses the Net.
16:03 of 2nd period - Shot by Evgenii Dadonov.
16:03 of 2nd period - Shot Misses the Net.
16:07 of 2nd period - Shot by Seth Jones.
16:07 of 2nd period - Shot Misses the Net.
16:09 of 2nd period - Shot by Seth Jones.
16:09 of 2nd period - Deflect By Brayden Schenn.
16:09 of 2nd period - Shot Misses the Net.
16:17 of 2nd period - Shot by Evgenii Dadonov.
16:17 of 2nd period - Shot Blocked by Alec Martinez.
16:47 of 2nd period - Shot by Alex Newhook.
16:47 of 2nd period - Shot Hit the Post.
17:36 of 2nd period - Cale Makar is hit by Nick Foligno and loses puck.
17:40 of 2nd period - Icing by Cale Makar.
17:41 of 2nd period - Curtis Lazar wins face-off versus David Pastrnak in Blues zone.
18:03 of 2nd period - Kris Letang is hit by David Perron and loses puck.
18:33 of 2nd period - Icing by Alec Martinez.
18:34 of 2nd period - Derick Brassard wins face-off versus Nico Hischier in Blues zone.
18:36 of 2nd period - Phillip Di Giuseppe is hit by Alec Martinez and loses puck.
18:57 of 2nd period - Shot by Derick Brassard.
18:57 of 2nd period - Stopped by Carter Hart without a rebound.
18:58 of 2nd period - Nick Cousins wins face-off versus Sean Monahan in Blues zone.
18:58 of 2nd period - Nick Cousins is hit by Filip Hronek.
19:07 of 2nd period - Filip Hronek is hit by Denis Gurianov and loses puck.
19:20 of 2nd period - Shot by Yanni Gourde.
19:20 of 2nd period - Stopped by Brian Elliott without a rebound.
19:21 of 2nd period - Nico Hischier wins face-off versus David Pastrnak in RedWings zone.
19:24 of 2nd period - Shot by Auston Matthews.
19:24 of 2nd period - Stopped by Brian Elliott without a rebound.
19:25 of 2nd period - David Pastrnak wins face-off versus Nico Hischier in RedWings zone.
19:34 of 2nd period - Shot by Patrik Nemeth.
19:34 of 2nd period - Shot Misses the Net.
19:36 of 2nd period - Shot by Ryan Hartman.
19:36 of 2nd period - Stopped by Carter Hart with a rebound.
Goals for this period are 0 for Blues vs 0 for RedWings.
Shots for this period are 12 for Blues vs 5 for RedWings.

3rd period


0:01 of 3rd period - Nico Hischier wins face-off versus David Pastrnak in neutral zone.
0:01 of 3rd period - Nico Hischier is hit by David Perron.
0:18 of 3rd period - John Carlson is hit by Nico Hischier and loses puck.
0:29 of 3rd period - Shot by Clayton Keller.
0:29 of 3rd period - Stopped by Brian Elliott without a rebound.
0:30 of 3rd period - Sean Monahan wins face-off versus Brayden Schenn in RedWings zone.
0:57 of 3rd period - Nick Foligno is hit by Kris Letang and loses puck.
1:23 of 3rd period - Off-side.
1:24 of 3rd period - Nico Hischier wins face-off versus David Pastrnak in neutral zone.
1:49 of 3rd period - Shot by Ryan Hartman.
1:49 of 3rd period - Stopped by Carter Hart without a rebound.
1:50 of 3rd period - Logan Couture wins face-off versus Derick Brassard in Blues zone.
2:15 of 3rd period - Shot by Logan Couture.
2:15 of 3rd period - Shot Misses the Net.
2:17 of 3rd period - Shot by Curtis Lazar.
2:17 of 3rd period - Deflect By Logan Couture.
2:17 of 3rd period - Shot Blocked by Derick Brassard.
2:19 of 3rd period - Shot by Jack Eichel.
2:19 of 3rd period - Stopped by Brian Elliott with a rebound.
2:21 of 3rd period - Shot by Logan Couture.
2:21 of 3rd period - Shot Misses the Net.
2:31 of 3rd period - Shot by Curtis Lazar.
2:31 of 3rd period - Stopped by Brian Elliott without a rebound.
2:32 of 3rd period - Nico Hischier wins face-off versus David Pastrnak in RedWings zone.
4:45 of 3rd period - Shot by Carson Soucy.
4:45 of 3rd period - Stopped by Brian Elliott with a rebound.
4:56 of 3rd period - Logan Couture is hit by Ryan Murray.
6:15 of 3rd period - Off-side.
6:16 of 3rd period - Nick Cousins wins face-off versus Yanni Gourde in neutral zone.
6:47 of 3rd period - Shot by Nick Cousins.
6:47 of 3rd period - Stopped by Carter Hart without a rebound.
6:48 of 3rd period - Curtis Lazar wins face-off versus Nick Foligno in Blues zone.
7:01 of 3rd period - Shot by Curtis Lazar.
7:01 of 3rd period - Shot Misses the Net.
7:36 of 3rd period - Off-side.
7:37 of 3rd period - Nico Hischier wins face-off versus David Pastrnak in neutral zone.
8:12 of 3rd period - Drew Doughty is hit by Clayton Keller and loses puck.
8:43 of 3rd period - Icing by Ryan Murray.
8:44 of 3rd period - Sean Monahan wins face-off versus Nick Cousins in RedWings zone.
8:49 of 3rd period - Shot by Yanni Gourde.
8:49 of 3rd period - Shot Blocked by Mark Scheifele.
10:12 of 3rd period - Icing by Brayden Schenn.
10:13 of 3rd period - Nico Hischier wins face-off versus Brayden Schenn in RedWings zone.
11:21 of 3rd period - Drew Doughty is hit by Anthony DeAngelo and loses puck.
11:51 of 3rd period - Shot by David Pastrnak.
11:51 of 3rd period - Deflect By David Perron.
11:51 of 3rd period - Stopped by Carter Hart with a rebound.
11:53 of 3rd period - Shot by Seth Jones.
11:53 of 3rd period - Shot Blocked by Filip Hronek.
11:55 of 3rd period - Shot by David Perron.
11:55 of 3rd period - Stopped by Carter Hart with a rebound.
12:25 of 3rd period - Shot by Derick Brassard.
12:25 of 3rd period - Shot Misses the Net.
12:38 of 3rd period - Shot by Logan Couture.
12:38 of 3rd period - Stopped by Brian Elliott with a rebound.
12:40 of 3rd period - Shot by Logan Couture.
12:40 of 3rd period - Stopped by Brian Elliott without a rebound.
12:41 of 3rd period - Auston Matthews wins face-off versus Nick Cousins in RedWings zone.
12:58 of 3rd period - Auston Matthews is hit by Denis Gurianov and loses puck.
13:39 of 3rd period - Icing by Craig Smith.
13:40 of 3rd period - Auston Matthews wins face-off versus Brayden Schenn in Blues zone.
13:45 of 3rd period - Brayden Schenn is hit by Boris Katchouk and loses puck.
14:14 of 3rd period - Shot by Curtis Lazar.
14:14 of 3rd period - Goal by Curtis Lazar - Blues : 1 - RedWings : 4.
14:15 of 3rd period - Sean Monahan wins face-off versus David Pastrnak in neutral zone.
14:15 of 3rd period - Carson Soucy is hit by Ryan Hartman and loses puck.
14:28 of 3rd period - Shot by Sean Monahan.
14:28 of 3rd period - Shot Misses the Net.
15:33 of 3rd period - Minor Penalty to Anthony DeAngelo for Tripping.
15:34 of 3rd period - Sean Monahan wins face-off versus Brayden Schenn in Blues zone.
16:11 of 3rd period - Shot by John Carlson.
16:11 of 3rd period - Stopped by Carter Hart without a rebound.
16:12 of 3rd period - David Pastrnak wins face-off versus Sean Monahan in Blues zone.
16:23 of 3rd period - Shot by Seth Jones.
16:23 of 3rd period - Shot Misses the Net.
16:25 of 3rd period - Shot by Ryan Hartman.
16:25 of 3rd period - Stopped by Carter Hart with a rebound.
16:27 of 3rd period - Shot by Seth Jones.
16:27 of 3rd period - Stopped by Carter Hart with a rebound.
16:29 of 3rd period - Shot by Seth Jones.
16:29 of 3rd period - Shot Misses the Net.
16:44 of 3rd period - David Pastrnak is hit by Kris Letang and loses puck.
18:03 of 3rd period - Shot by Craig Smith.
18:03 of 3rd period - Stopped by Brian Elliott without a rebound.
18:04 of 3rd period - Nick Cousins wins face-off versus Curtis Lazar in RedWings zone.
18:49 of 3rd period - Shot by Mark Scheifele.
18:49 of 3rd period - Goal by Mark Scheifele - Blues : 1 - RedWings : 5.
18:50 of 3rd period - Nico Hischier wins face-off versus David Perron in neutral zone.
19:06 of 3rd period - Clayton Keller is hit by Erik Karlsson and loses puck.
19:10 of 3rd period - Icing by David Pastrnak.
19:11 of 3rd period - Sean Monahan wins face-off versus David Pastrnak in RedWings zone.
19:17 of 3rd period - John Carlson is hit by Anthony DeAngelo.
19:35 of 3rd period - Shot by Yanni Gourde.
19:35 of 3rd period - Shot Misses the Net.
19:42 of 3rd period - Icing by Erik Karlsson.
19:43 of 3rd period - Nico Hischier wins face-off versus David Pastrnak in RedWings zone.
Goals for this period are 1 for Blues vs 1 for RedWings.
Shots for this period are 8 for Blues vs 8 for RedWings.